 Dungeon Crawl Stone Soup version 0.21-a0-91-ga5031da (webtiles) character file.

3350 grindst0ne the Grappler (level 10, -8/88 HPs)
             Began as a Ghoul Monk on June 29, 2017.
             Was an Elder of Qazlal.
             Mangled by a two-headed ogre
             ... wielding a +0 giant spiked club
              (20 damage)
             ... on level 8 of the Dungeon.
             The game lasted 00:20:12 (5887 turns).

grindst0ne the Grappler (Ghoul Monk)                Turns: 5887, Time: 00:20:12

Health: -8/88      AC: 16    Str: 17    XL:     10   Next: 3%
Magic:  10/14      EV:  7    Int:  5    God:    Qazlal [****..]
Gold:   148        SH:  5    Dex: 13    Spells: 9/9 levels left

rFire    . . .     SeeInvis .     - Unarmed
rCold    + . .     Gourm    .   (no shield)
rNeg     + + +     Faith    .   g - +4 chain mail of the Learner {rPois}
rPois    ∞         Spirit   .   r - +0 helmet
rElec    .         Reflect  .   s - +0 cloak
rCorr    .         Harm     .   n - +0 pair of gloves
MR       .....                  l - +0 pair of boots
Stlth    ..........             Q - amulet of rage
HPRegen  0.00/turn              (no ring)
MPRegen  0.14/turn              (no ring)

@: frozen, rotting, repel missiles, very slow
A: rotting body, claws 1, carnivore 3, cold resistance 1, negative energy
resistance 3, inhibited regeneration, torment resistance, unbreathing
a: Upheaval, Elemental Force, Renounce Religion


You were on level 8 of the Dungeon.
You worshipped Qazlal.
Qazlal was greatly pleased with you.
You were not hungry.

You visited 1 branch of the dungeon, and saw 8 of its levels.
You also visited: Ossuary.

You collected 282 gold pieces.
You spent 134 gold pieces at shops.

Inventory:

Armour
 a - a +0 robe
 g - the +4 chain mail of the Learner (worn) {rPois}
   (You found it on level 4 of the Dungeon)

   It protects you from poison.
 l - a +0 pair of boots (worn)
 n - a +0 pair of gloves (worn)
 r - a +0 helmet (worn)
 s - a +0 cloak (worn)
 t - a +0 large shield
 w - a +0 leather armour
 E - a +1 chain mail of cold resistance
Jewellery
 Q - an amulet of rage (around neck)
Wands
 e - a wand of paralysis (1/24)
 f - a wand of confusion (18/48)
 u - a wand of enslavement (21/24)
 z - a wand of enslavement (13/24)
 B - a wand of flame (26/48)
 G - a wand of random effects (25/48)
 N - a wand of confusion (23/48)
Scrolls
 c - 4 scrolls of amnesia
 d - 4 scrolls of blinking
 h - a scroll of recharging
 i - 2 scrolls of remove curse
 j - 3 scrolls of fog
 o - 4 scrolls of fear
 x - 3 scrolls of brand weapon {unknown}
 y - 3 scrolls of teleportation
 A - 2 scrolls of enchant weapon
 H - 3 scrolls of identify
 I - 2 scrolls of enchant armour {unknown}
Potions
 m - a potion of magic
 p - 3 potions of heal wounds
 q - a potion of haste
 v - 5 potions of curing
 C - a potion of cancellation
 D - 4 potions of brilliance
 F - 3 potions of lignification
 J - a potion of ambrosia {unknown}
 K - a potion of might {unknown}
 L - a potion of berserk rage {unknown}
 M - a potion of resistance {unknown}
 O - 2 potions of flight {unknown}
 P - a potion of agility {unknown}
Comestibles
 b - 5 meat rations
 k - 4 royal jellies
 R - 3 chunks of flesh


   Skills:
 + Level 7.8 Fighting
 - Level 2.6 Dodging
 - Level 2.1 Stealth
 * Level 6.3 Shields
 + Level 8.4 Unarmed Combat
 + Level 7.4 Invocations
 * Level 1.1 Evocations


You had 9 spell levels left.
You didn't know any spells.

Dungeon Overview and Level Annotations

Branches:
Dungeon (8/15)             Temple (0/1) D:5
   Lair: D:8-11

Altars:
Qazlal
Wu Jian

Shops:
D:5 *

Annotations:
D:1 1 runed door


Innate Abilities, Weirdness & Mutations

Your body is rotting away.
You thrive on raw meat.
You are immune to poison.
You have sharp fingernails.
You are carnivorous and can eat meat at any time.
Your flesh is cold resistant. (rC+)
You are immune to negative energy. (rN+++)
You do not regenerate when monsters are visible.
You are immune to unholy pain and torment.
You can survive without breathing.


Message History

You block the two-headed ogre's attack.
Evoke which item? (* to show all) (? for menu, Esc to quit)
Aiming: Paralyse
Press: ? - help, Shift-Dir - straight line, f - two-headed ogre
Aim: a two-headed ogre, wielding a giant spiked club and a giant club (heavily wounded, chance to defeat MR: 32%)
Okay, then.
Aiming: Upheaval
Press: ? - help, Dir - move target cursor, f - two-headed ogre
Aim: a two-headed ogre, wielding a giant spiked club and a giant club (heavily wounded) That beam is likely to hit you.
Continue anyway?
A blizzard blasts the area with ice!
The blast of ice hits the two-headed ogre.
The two-headed ogre is almost dead.
The two-headed ogre is flash-frozen.
The blast of ice hits you! You partially resist.
* * * LOW HITPOINT WARNING * * *
You are encased in ice.
The two-headed ogre barely misses you.
The two-headed ogre hits you with a giant club!!
You die...

.# .#
.#
##.
#..
#.#
#O#
#@###
#...#
#..§#
#
#...#
#
##.##
# #.#
# #.#
# #.#
# #.#


You could see a two-headed ogre.

Vanquished Creatures
  Pikel (D:7)
  Prince Ribbit (D:6)
  A hippogriff (D:7)
  A spriggan (D:7)
  Menkaure (D:7)
  Edmund (D:6)
  A phantom (D:5)
  A slave (D:7)
  A necrophage (D:8)
  2 ogres
  4 centaurs
  Blork the orc (D:6)
  6 bullfrogs
  5 wights (D:8)
  A crimson imp (D:8)
  4 hounds
  An orc wizard (D:5)
  3 orc priests
  A centaur skeleton (D:3)
  A bullfrog skeleton (D:4)
  5 iguanas
  Ijyb (D:4)
  2 worker ants
  A killer bee zombie (D:7)
  A hound zombie (D:5)
  A hound skeleton (D:6)
  3 mummies (Ossuary)
  2 worker ant zombies
  8 adders
  2 oozes
  2 adder zombies
  3 adder skeletons
  3 worms
  5 leopard geckos
  19 orcs
  3 giant cockroaches
  3 goblins
  5 hobgoblins
  8 jackals
  5 kobolds
  A quokka (D:4)
  2 ball pythons
  5 bats
  11 frilled lizards
  3 gnoll skeletons (Ossuary)
  5 gnoll zombies (Ossuary)
  2 goblin skeletons (Ossuary)
  3 goblin zombies (Ossuary)
  4 hobgoblin skeletons (Ossuary)
  4 hobgoblin zombies (Ossuary)
  2 jackal skeletons
  2 kobold skeletons (Ossuary)
  A leopard gecko skeleton (D:4)
  A leopard gecko zombie (D:3)
  2 orc zombies (Ossuary)
  8 rats
  A rat skeleton (Ossuary)
  2 rat zombies (Ossuary)
179 creatures vanquished.

Vanquished Creatures (others)
  A quasit (D:7)
  A mummy (Ossuary)
  A shadow imp (D:5)
  A gnoll zombie (Ossuary)
  2 gnoll skeletons (Ossuary)
  A goblin skeleton (Ossuary)
  4 goblin zombies (Ossuary)
  A hobgoblin zombie (Ossuary)
  3 kobold skeletons (Ossuary)
  2 kobold zombies (Ossuary)
  3 orc skeletons (Ossuary)
  An orc zombie (Ossuary)
  4 rat skeletons (Ossuary)
25 creatures vanquished.

Grand Total: 204 creatures vanquished

Notes
Turn   | Place    | Note
-------+----------+-------------------------------------------
     0 | D:1      | grindst0ne the Ghoul Monk began the quest for the Orb.
     0 | D:1      | Reached XP level 1. HP: 19/19 MP: 0/0
     1 | D:1      | Found a runed door.
     4 | D:1      | Noticed a jelly
   207 | D:1      | Reached XP level 2. HP: 21/26 MP: 1/1
   795 | D:2      | Reached skill level 4 in Unarmed Combat
   857 | D:2      | Reached XP level 3. HP: 28/33 MP: 2/2
  1205 | D:2      | Found a faded altar of an unknown god.
  1218 | D:2      | Became a worshipper of Qazlal Stormbringer
  1218 | D:2      | Reached * piety under Qazlal
  1218 | D:2      | Reached ** piety under Qazlal
  1379 | D:3      | Reached XP level 4. HP: 40/40 MP: 3/3
  1505 | D:3      | Reached *** piety under Qazlal
  1505 | D:3      | Reached skill level 1 in Invocations
  1782 | D:3      | Reached XP level 5. HP: 31/47 MP: 5/5
  2208 | D:4      | Reached skill level 1 in Shields
  2208 | D:4      | Reached skill level 5 in Unarmed Combat
  2349 | D:4      | Noticed Ijyb
  2349 | D:4      | Paralysed by Ijyb for 4 turns
  2359 | D:4      | Paralysed by Ijyb for 3 turns
  2372 | D:4      | Paralysed by Ijyb for 5 turns
  2386 | D:4      | Killed Ijyb
  2386 | D:4      | Reached XP level 6. HP: 52/53 MP: 7/7
  2792 | D:4      | Got a fine chain mail
  2803 | D:4      | Identified the +4 chain mail of the Learner {rPois} (You found it on level 4 of the Dungeon)
  3280 | D:5      | Entered Level 5 of the Dungeon
  3308 | D:5      | Reached skill level 5 in Fighting
  3308 | D:5      | Reached XP level 7. HP: 31/61 MP: 7/9
  3546 | D:5      | Reached **** piety under Qazlal
  3598 | D:5      | Reached skill level 6 in Unarmed Combat
  3631 | D:5      | Reached skill level 5 in Invocations
  3808 | D:5      | Found a staircase to the Ecumenical Temple.
  3877 | D:5      | Found Yliemebesk's General Store.
  3885 | D:5      | Bought a scroll of magic mapping for 52 gold pieces
  3885 | D:5      | Bought a scroll of identify for 30 gold pieces
  3885 | D:5      | Bought a scroll of amnesia for 52 gold pieces
  4046 | D:6      | Reached XP level 8. HP: 69/69 MP: 9/11
  4085 | D:6      | Noticed Edmund
  4090 | D:6      | Killed Edmund
  4214 | D:6      | Noticed Prince Ribbit
  4223 | D:6      | Killed Prince Ribbit
  4223 | D:6      | Reached skill level 7 in Unarmed Combat
  4531 | D:6      | Found an ornate altar of the Wu Jian Council.
  4599 | D:6      | Noticed Blork the orc
  4607 | D:6      | Killed Blork the orc
  4709 | D:7      | Reached XP level 9. HP: 75/78 MP: 13/13
  4765 | D:7      | Found a sand-covered staircase.
  4770 | Ossuary  | Entered an ossuary
  5214 | D:7      | Noticed Pikel
  5232 | D:7      | Killed Pikel
  5232 | D:7      | Reached skill level 5 in Shields
  5255 | D:7      | Noticed Menkaure
  5266 | D:7      | Killed Menkaure
  5266 | D:7      | Reached skill level 8 in Unarmed Combat
  5844 | D:8      | Reached skill level 1 in Evocations
  5850 | D:8      | Reached XP level 10. HP: 80/88 MP: 14/14
  5880 | D:8      | Noticed a two-headed ogre
  5887 | D:8      | Mangled by a two-headed ogre

Vault maps used:
D:1:      dpeg_arrival_caged_fury
D:2:      chequers_ecumenical_altar_simple_redux
D:3:      first_bread, serial_undead, serial_undead_d, serial_undead_e,
          serial_undead_d, serial_undead_f
D:4:      minmay_lizard_king, uniq_ijyb
D:5:      minmay_temple_entry_from_below_a, serial_shops, shop
D:6:      kennysheep_little_box, serial_park_tiny_pond, hex_medium,
          uniq_prince_ribbit1, uniq_edmund, uniq_blork_the_orc
D:7:      enter_ossuary_5, the_bakery, uniq_menkaure, uniq_pikel
Ossuary:  ossuary_due_pyramid

Skill      XL: |  1  2  3  4  5  6  7  8  9 |
---------------+----------------------------+-----
Unarmed Combat | 4 5 6 7 8 |  8.4
Fighting       | 4 5 6 7 |  7.8
Invocations    | 2 4 5 7 |  7.4
Shields        | 1 2 3 6 |  6.3
Evocations     | 1 |  1.1
Dodging        | |  2.6
Stealth        | |  2.1

Action                   |  1- 3 |  4- 6 |  7- 9 | 10-12 || total
-------------------------+-------+-------+-------+-------++-------
Melee: Unarmed           |    89 |   235 |   330 |    18 ||   672
       Punch             |     1 |     4 |    10 |       ||    15
Invok: Upheaval          |       |       |     3 |     1 ||     4
Evoke: Wand              |       |       |     3 |       ||     3
  Use: Scroll            |       |    12 |     6 |       ||    18
       Potion            |       |     1 |       |       ||     1
 Stab: Sleeping          |     7 |       |       |       ||     7
       Invisible         |       |     1 |       |       ||     1
       Paralysed         |       |       |     4 |       ||     4
  Eat: Chunk             |     2 |     6 |    14 |     1 ||    23
Armor: Robe              |    13 |     8 |       |       ||    21
       Leather armour    |       |    40 |       |       ||    40
       Chain mail        |       |    59 |   154 |     2 ||   215
Dodge: Dodged            |    52 |   118 |    68 |     3 ||   241
       Deflected         |       |       |     2 |       ||     2
Block: Other             |     1 |    38 |    53 |     2 ||    94
